 Dungeon Crawl Stone Soup version 0.29-a0-1009-g60c99734e7 (webtiles) character file.

Game seed: 18185416934402526815

24503 Ijustatesigmund the Octopoid Aeon (level 13, -9/86 HPs)
             Began as an Octopode Earth Elementalist on Aug 8, 2022.
             Was the Champion of Cheibriados.
             Shot with an arrow by a centaur warrior (13 damage)
             ... on level 14 of the Dungeon.
             The game lasted 01:02:13 (23031 turns).

Ijustatesigmund the Octopoid Aeon (OpEE)           Turns: 23031, Time: 01:02:13

Health: -9/86      AC:  2    Str: 34    XL:     13   Next: 13%
Magic:  19/26      EV: 16    Int: 35    God:    Cheibriados [******]
Gold:   471        SH:  0    Dex: 28    Spells: 13/30 levels left

rFire   + + +      SeeInvis .   (no weapon)
rCold   . . .      Faith    .   (no shield)
rNeg    + . .      Spirit   .   o - +1 hat of Ylut {rCorr}
rPois   .          Reflect  .   g - amulet of magic regeneration
rElec   .          Harm     .   i - +6 ring of strength
rCorr   +          Rampage  .   m - ring of protection from fire
Will    .....                   F - ring of Ephemeral Luck {rF+ rN+ Str+6 Int-2}
Stlth   +++++.....              E - ring of protection from fire
HPRegen 0.24/turn               (no ring)
MPRegen 0.60/turn               (no ring)
                                (no ring)
                                (no ring)

@: very slow
A: almost no armour, amphibious, 8 rings, camouflage 1, gelatinous body 1,
(nimble swimmer 1), tentacles
a: Renounce Religion, Bend Time, Temporal Distortion, Slouch, Step From Time


You were on level 14 of the Dungeon.
You worshipped Cheibriados.
Cheibriados was exalted by your worship.
You visited 1 branch of the dungeon, and saw 14 of its levels.
You also visited: Bailey.

You collected 1045 gold pieces.
You spent 574 gold pieces at shops.

Inventory:

Hand Weapons
 r - a +3 hand axe
Armour
 o - the +1 hat of Ylut (worn) {rCorr}
   (You acquired it on level 7 of the Dungeon)

   rCorr:     It protects you from acid and corrosion.
Magical Staves
 s - a staff of cold
Jewellery
 g - an amulet of magic regeneration (around mantle)
 i - a +6 ring of strength (left tentacle)
 m - a ring of protection from fire (right tentacle)
 x - an amulet of the acrobat
 E - a ring of protection from fire (on tentacle)
 F - the ring of Ephemeral Luck (on tentacle) {rF+ rN+ Str+6 Int-2}
   (You found it on level 11 of the Dungeon)

   [ring of strength]

   Str:       It affects your strength (+6).
   Int:       It affects your intelligence (-2).
   rF:        It protects you from fire.
   rN:        It protects you from negative energy.
Wands
 k - a wand of paralysis (3)
 v - a wand of flame (40)
 y - a wand of digging (1)
 z - a wand of polymorph (12)
 C - a wand of iceblast (5)
 G - a wand of quicksilver (5)
Scrolls
 j - a scroll of enchant weapon
 l - 2 scrolls of poison
 n - 2 scrolls of fog
 p - 2 scrolls of fear
 u - 4 scrolls of teleportation
 w - 2 scrolls of magic mapping
 D - a scroll of amnesia
Potions
 a - a potion of magic
 b - 4 potions of curing
 c - 3 potions of lignification
 d - 2 potions of brilliance
 f - 8 potions of heal wounds
 h - 9 potions of flight
 q - a potion of invisibility
 t - 2 potions of cancellation
 A - a potion of might
 B - a potion of mutation


   Skills:
 - Level 7.0 Fighting
 + Level 2.7 Maces & Flails
 - Level 4.1 Dodging
 - Level 7.1 Stealth
 + Level 9.4 Spellcasting
 + Level 8.0 Conjurations
 + Level 3.5 Transmutations
 + Level 5.0 Fire Magic
 + Level 4.9 Ice Magic
 + Level 5.0 Air Magic
 + Level 4.9 Earth Magic
 + Level 7.7 Poison Magic
 + Level 10.2 Invocations


You had 13 spell levels left.
You knew the following spells:

 Your Spells              Type           Power      Damage    Failure   Level
a - Sandblast             Erth           100%       2d20      1%          1
b - Stone Arrow           Conj/Erth      100%       3d13      1%          3
c - Passwall              Tmut/Erth      38%        N/A       1%          2
d - Mephitic Cloud        Conj/Pois/Air  60%        N/A       1%          3
e - Ignite Poison         Fire/Tmut/Pois 53%        N/A       1%          3
f - Freezing Cloud        Conj/Ice/Air   27%        6-21      6%          5

Your spell library contained the following spells:

 Spells                   Type           Power      Damage    Failure   Level
 Magic Dart               Conj           100%       1d8       1%          1
 Ensorcelled Hibernation  Hex/Ice        68%        N/A       1%          2
 Conjure Flame            Conj/Fire      58%        6-21      1%          3
 Dazzling Flash           Conj/Hex       88%        N/A       1%          3
 Spider Form              Tmut/Pois      54%        N/A       1%          3
 Sticky Flame             Conj/Fire      58%        2d7       1%          4
 Call Imp                 Summ           16%        N/A       4%          2
 Sublimation of Blood     Necr           16%        N/A       4%          2
 Iskenderun's Mystic Bla  Conj/Tloc      44%        2d10      4%          4
 Petrify                  Tmut/Erth      46%        N/A       4%          4
 Fireball                 Conj/Fire      29%        3d13      4%          5
 Irradiate                Conj/Tmut      27%        3d20      7%          5
 Call Canine Familiar     Summ           16%        N/A       8%          3
 Portal Projectile        Hex/Tloc       32%        N/A       8%          3
 Leda's Liquefaction      Hex/Erth       17%        N/A       10%         4
 Summon Lightning Spire   Summ/Air       34%        N/A       10%         4
 Lee's Rapid Deconstruct  Erth           25%        3d15*     10%         5
 Anguish                  Hex/Necr       8%         N/A       26%         4
 Starburst                Conj/Fire      29%        6d9       28%         6
 Statue Form              Tmut/Erth      30%        N/A       56%         6
 Storm Form               Tmut/Air       23%        N/A       98%         7
 Enfeeble                 Hex            8%         N/A       100%        7
 Ignition                 Fire           25%        3d9       100%        8
 Maxwell's Capacitive Co  Air            25%        ∞         100%        8


Dungeon Overview and Level Annotations

Branches:
Dungeon (14/15)            Temple (0/1) D:6            Lair (0/5) D:9
    Orc (0/2) D:9          Bailey (visited)
 Vaults: D:13-14

Altars:
Cheibriados
Dithmenos
Gozag
Kikubaaqudgha
Vehumet
Wu Jian
Yredelemnul
Zin

Shops:
D:9 =!(:*   D:11 !

Annotations:
D:6 CannotBeFrozen's ghost, novice DgWr
D:9 1 runed translucent door
D:12 1 transporter, Ajdolov's ghost, journeyman VSMo


Innate Abilities, Weirdness & Mutations

You cannot wear most types of armour.
You are amphibious.
You can wear up to eight rings at the same time.
Your skin changes colour to match your surroundings (Stealth+).
Your rubbery body absorbs attacks. (AC +1, EV +1)
((You are camouflaged when in or above water. (Stealth+)))
You have tentacles for arms and can constrict up to eight enemies at once.


Message History

The deep elf knight is engulfed in noxious fumes.
The deep elf knight hits the vault guard with a +0 scimitar.
The vault guard is engulfed in noxious fumes.
The vault guard appears confused.
The vault guard falls into the water!
The vault guard drowns.
Cheibriados appreciates the change of pace.
You hear a splash. x2
The centaur warrior wields a +0 longbow.
The centaur warrior shoots an arrow.
The arrow closely misses you.
The deep elf knight is engulfed in noxious fumes.
Your Conjurations skill increases to level 8!
Your Fire Magic skill increases to level 5!
Activating: Slouch (1% risk of failure)
Press: ? - help, Dir - look around, f - activate You can feel time thicken for a moment.
The centaur warrior shoots an arrow.
The arrow barely misses you.
The deep elf knight is engulfed in noxious fumes.
Casting: Sandblast (safe; 1% risk of failure)
Confirm with . or Enter, or press ? or * to list all spells.
Aiming: Stone Arrow (safe; 1% risk of failure)
Press: ? - help, Shift-Dir - straight line, f - deep elf knight
Aim: a deep elf knight, wielding a +0 scimitar (noxious fumes, heavily wounded, confused, 84% to hit)
The stone arrow hits the deep elf knight!
The deep elf knight is almost dead.
The centaur warrior shoots an arrow.
The arrow hits you!!
The deep elf knight is engulfed in noxious fumes.
The deep elf knight appears confused.
The deep elf knight falls into the water!
The deep elf knight drowns.
Cheibriados appreciates the change of pace.
You hear a splash.
You hear a shout!
Your Air Magic skill increases to level 5!
The centaur warrior shoots an arrow.
The arrow hits you!!
You hear a shout!
The centaur warrior shoots an arrow.
The arrow hits you!!
* * * LOW HITPOINT WARNING * * *
The centaur warrior shoots an arrow.
The arrow hits you!
* * * LOW HITPOINT WARNING * * *
The centaur warrior shoots an arrow.
The arrow hits you!
You die...

# # ##### # .....# ###
.~c~~.# #.. ~~≈≈≈~.## #..
~≈≈≈≈≈~.# #..
~≈≈≈≈)≈.############## #..
###..###.@...........###..
# #############......
#####.. #.. #.. ###


You could see a centaur warrior.

Vanquished Creatures
  A hydra (D:14)
  A vault guard (D:14)
  A centaur warrior (D:13)
  Nergalle (D:12)
  A deep elf knight (D:14)
  Lodul (D:12)
  The ghost of psihoz the Shooter, a novice HuHu of Wu Jian (D:8)
  An orange crystal statue (D:9)
  Pikel (D:6)
  2 ugly things
  2 cyclopes
  2 gargoyles
  A cane toad (shapeshifter) (D:13)
  A kobold demonologist (D:10)
  An unseen horror zombie (D:8)
  3 komodo dragons
  2 trolls
  5 slime creatures (D:13)
  Grinder (D:3)
  A hornet (D:9)
  A wraith (D:10)
  A vampire (D:12)
  2 shadows
  4 wyverns
  7 yaks
  6 vampire mosquitoes
  Edmund (D:6)
  4 water moccasins
  12 orc warriors
  An ice beast (D:7)
  4 black bears
  15 ogres
  10 centaurs
  A lemure (D:6)
  2 phantoms
  5 kobold brigands
  4 bullfrogs
  A gnoll sergeant (D:13)
  A necrophage (D:6)
  6 scorpions
  5 wights (D:10)
  A centaur zombie (D:8)
  10 howler monkeys
  4 hounds
  4 jellies
  12 orc priests
  5 iguanas
  22 orc wizards
  3 gnolls (D:13)
  5 adders
  A white imp (D:6)
  An ufetubus (D:4)
  3 worms
  4 dart slugs
  90 orcs
  2 ball pythons (D:1)
  7 endoplasms
  4 giant cockroaches
  11 goblins
  12 hobgoblins
  34 kobolds
  A quokka (D:2)
  4 bats
  6 frilled lizards (D:8)
  A rat (D:1)
370 creatures vanquished.

Vanquished Creatures (others)
  42 fungi (D:9)
  58 plants
100 creatures vanquished.

Grand Total: 470 creatures vanquished

Notes
Turn   | Place    | Note
-------+----------+-------------------------------------------
     0 | D:1      | Ijustatesigmund the Octopode Earth Elementalist began the
                  | quest for the Orb.
     0 | D:1      | Reached XP level 1. HP: 11/11 MP: 3/3
   233 | D:1      | Reached XP level 2. HP: 17/17 MP: 3/5
   958 | D:1      | Reached XP level 3. HP: 21/21 MP: 4/6
   962 | D:1      | Learned a level 3 spell: Stone Arrow
   965 | D:1      | Learned a level 2 spell: Passwall
  1073 | D:1      | Found a faded altar of an unknown god.
  1678 | D:2      | Reached skill level 1 in Conjurations
  1747 | D:2      | Identified the +0 ring mail of the Charmed God {Regen+
                  | Slay+2 Stlth+}
  1957 | D:3      | Noticed Grinder
  2384 | D:4      | Noticed a scorpion
  2390 | D:4      | Killed a scorpion
  2391 | D:4      | Reached XP level 4. HP: 25/27 MP: 1/9
  2418 | D:4      | Reached XP level 5. HP: 31/31 MP: 1/10
  2944 | D:4      | Learned a level 3 spell: Mephitic Cloud
  3107 | D:4      | Reached XP level 6. HP: 19/36 MP: 6/12
  3112 | D:4      | Reached skill level 1 in Poison Magic
  3115 | D:4      | Reached skill level 1 in Air Magic
  4003 | D:5      | Entered Level 5 of the Dungeon
  4129 | D:5      | Noticed a water moccasin
  4140 | D:5      | Killed a water moccasin
  4141 | D:5      | Reached XP level 7. HP: 14/41 MP: 1/13
  5037 | D:5      | Reached skill level 5 in Spellcasting
  5114 | D:5      | Reached XP level 8. HP: 41/46 MP: 1/15
  5541 | D:3      | Killed Grinder
  6464 | D:3      | Learned a level 3 spell: Ignite Poison
  6697 | D:6      | Found a runed translucent gate.
  6697 | D:6      | Found a runed translucent gate.
  6697 | D:6      | Found a runed translucent gate.
  6697 | D:6      | Noticed a troll
  6698 | D:6      | Noticed CannotBeFrozen's ghost (novice DgWr)
  6739 | D:6      | Found a staircase to the Ecumenical Temple.
  6775 | D:6      | Reached skill level 1 in Fighting
  6775 | D:6      | Reached skill level 1 in Fire Magic
  7022 | D:6      | Noticed Pikel
  7031 | D:6      | Killed Pikel
  7032 | D:6      | Reached XP level 9. HP: 48/57 MP: 3/17
  7387 | D:6      | Found a snail-covered altar of Cheibriados.
  7698 | D:6      | Noticed Edmund
  7706 | D:6      | Killed Edmund
  8136 | D:6      | Became a worshipper of Cheibriados the Contemplative
  8304 | D:7      | Reached skill level 5 in Conjurations
  8542 | D:7      | Identified a scroll of acquirement
  8542 | D:7      | Acquired the +1 hat of Ylut {rCorr}
  8578 | D:7      | Reached skill level 1 in Invocations
  8856 | D:7      | Reached skill level 2 in Invocations
  9061 | D:7      | Found an ancient bone altar of Kikubaaqudgha.
  9153 | D:7      | Found a radiant altar of Vehumet.
  9178 | D:7      | Reached * piety under Cheibriados
  9431 | D:7      | Found an ornate altar of the Wu Jian Council.
 10008 | D:8      | Found a flagged portal.
 10030 | Bailey   | Entered a bailey
 10128 | Bailey   | Reached skill level 1 in Maces & Flails
 10265 | Bailey   | Reached ** piety under Cheibriados
 10266 | Bailey   | Reached XP level 10. HP: 62/64 MP: 15/19
 10317 | Bailey   | Reached skill level 3 in Invocations
 10789 | Bailey   | Noticed an orc warlord
 10815 | Bailey   | Found a runed translucent gate.
 10815 | Bailey   | Found a runed translucent gate.
 10815 | Bailey   | Found a runed translucent gate.
 10979 | D:8      | Reached skill level 6 in Invocations
 10979 | D:8      | Reached XP level 11. HP: 69/69 MP: 19/22
 10986 | D:8      | Learned a level 5 spell: Freezing Cloud
 11030 | D:8      | Found a shadowy altar of Dithmenos.
 11459 | D:8      | Reached *** piety under Cheibriados
 11474 | D:8      | Reached skill level 1 in Ice Magic
 12300 | D:8      | Found a runed translucent gate.
 12300 | D:8      | Found a runed translucent gate.
 12300 | D:8      | Found a runed translucent gate.
 12300 | D:8      | Noticed psihoz's ghost (novice HuHu)
 12302 | D:8      | Found a basalt altar of Yredelemnul.
 13043 | D:9      | Reached **** piety under Cheibriados
 13154 | D:9      | Found a staircase to the Orcish Mines.
 13275 | D:9      | Found Lylu's Assorted Antiques.
 13278 | D:9      | Reached skill level 7 in Invocations
 13292 | D:9      | Bought 2 potions of heal wounds for 280 gold pieces
 13625 | D:9      | Found a staircase to the Lair.
 13670 | D:9      | Found Woij's Weapon Shoppe.
 13670 | D:9      | Found Ximios's Book Shoppe.
 13674 | D:9      | Found Tacriom's Jewellery Shoppe.
 13675 | D:9      | Found Meyvom's Distillery.
 13708 | D:9      | Bought a potion of heal wounds for 60 gold pieces
 13830 | D:9      | Found a runed translucent door.
 13986 | D:9      | Found a runed translucent door.
 13992 | D:9      | Found a runed translucent door.
 14010 | D:9      | Found a runed translucent door.
 14121 | D:9      | Noticed an orange crystal statue
 14252 | D:9      | Found a glowing silver altar of Zin.
 14287 | D:9      | Found an opulent altar of Gozag.
 14329 | D:10     | Entered Level 10 of the Dungeon
 14569 | D:10     | Reached ***** piety under Cheibriados
 14809 | D:10     | Reached skill level 8 in Invocations
 15218 | D:10     | Reached skill level 5 in Fighting
 15959 | D:11     | Noticed a cyclops
 16148 | D:11     | Killed a cyclops
 16345 | D:11     | Reached XP level 12. HP: 64/78 MP: 11/24
 16416 | D:11     | Found Zeto's Distillery.
 16424 | D:11     | Bought a potion of mutation for 104 gold pieces
 16424 | D:11     | Bought a potion of heal wounds for 65 gold pieces
 16424 | D:11     | Bought a potion of heal wounds for 65 gold pieces
 16618 | D:11     | Reached skill level 9 in Invocations
 17096 | D:11     | Identified the ring of Ephemeral Luck {rF+ rN+ Str+6 Int-2}
 17321 | D:12     | Noticed Lodul
 17327 | D:12     | Killed Lodul
 18258 | D:12     | Reached ****** piety under Cheibriados
 18419 | D:12     | Noticed a two-headed ogre
 18425 | D:12     | Identified the +5 giant spiked club of the Fifty Geomancers
                  | {venom, Str+3}
 18425 | D:12     | Noticed an ettin
 18427 | D:12     | Noticed Ajdolov's ghost (journeyman VSMo)
 18973 | D:12     | Noticed Nergalle
 18977 | D:12     | Killed Nergalle
 19127 | D:12     | Noticed a two-headed ogre
 19127 | D:12     | Noticed a two-headed ogre
 19129 | D:12     | Noticed a two-headed ogre
 19131 | D:12     | Found a transporter.
 19132 | D:12     | Noticed a two-headed ogre
 19880 | D:8      | Killed psihoz's ghost
 20356 | D:13     | Noticed a centaur warrior
 20359 | D:13     | Killed a centaur warrior
 20360 | D:13     | Reached skill level 10 in Invocations
 20527 | D:13     | Identified the +4 dagger "Camoh" {vorpal, *Noise rPois
                  | rCorr Str+4}
 22359 | D:13     | Reached XP level 13. HP: 68/86 MP: 18/26
 23025 | D:14     | Noticed a vault guard
 23027 | D:14     | Killed a vault guard
 23028 | D:14     | Reached skill level 5 in Fire Magic
 23030 | D:14     | Reached skill level 5 in Air Magic
 23031 | D:14     | HP: 4/86 [centaur warrior/arrow (12)]
 23031 | D:14     | Shot with an arrow by a centaur warrior

Illustrated notes

Levels and vault maps discovered:
D:1:      evilmike_arrival_fibonacci_small, layout_basic,
          dreamdust_ecumenical_altar_angels_and_demons, serial_forest,
          infiniplex_forest_pool, infiniplex_forest_end_2,
          infiniplex_forest_straight_5, infiniplex_forest_straight_3,
          infiniplex_forest_join, moated_statue
D:2:      layout_rooms
D:3:      layout_loops_ring, serial_co_window_serial, co_window_paths_b,
          co_window_of_opportunity_a, co_window_paths_a,
          co_window_of_opportunity_a, co_window_of_opportunity_a,
          co_window_broadway_b, co_window_broadway_a, co_window_2corner,
          co_window_unsneaky_path_e, co_window_corner_ca, co_window_corner_b,
          glass_columns_b, glass_columns_a, glass_columns_b, glass_columns_a,
          glass_columns_b, nicolae_elevator_lobby_plus, uniq_grinder
D:4:      layout_loops_ring
D:5:      layout_basic
D:6:      layout_gridville, slow_altar_1, minmay_temple_entry_slanted,
          gammafunk_ghost_split, kennysheep_another_room, uniq_pikel,
          uniq_edmund
D:7:      layout_basic, nicolae_wu_jian_immortal_techniques,
          mainiacjoe_overflow_alcove_2, nicolae_vehumet_radiance,
          bh_walls_and_bars
D:8:      layout_layer_cave, lemuel_round_altar,
          nicolae_yredelemnul_ghost_church, enter_bailey_4, minmay_lizard_king
D:9:      layout_stronghold, pdpol_temple_overflow_zin_treasury_gozag_greed,
          due_lair_maze_entry_diamond, hiddenorc2_lemuel, serial_shops, shop,
          minmay_shop_grid_forest, hangedman_decor_points,
          minmay_statue_crystal_thing
D:10:     layout_rooms
D:11:     layout_grid_maze, serial_shops, shop
D:12:     minmay_spotlight, layout_loops_corners, gammafunk_ghost_smash,
          uniq_lodul, uniq_nergalle
D:13:     layout_basic, special_room [special_room_orc]
D:14:     layout_roguey, grunt_vaults_entry_fortified, amcnicky_mini_pool_small,
          uniq_kirke

Skill      XL: |  1  2  3  4  5  6  7  8  9 10 11 12 13 |
---------------+----------------------------------------+-----
Conjurations   | 2 3 4 5 7 8 |  8.0
Spellcasting   | 3 4 5 6 7 8 9 |  9.4
Poison Magic   | 2 3 4 7 |  7.7
Air Magic      | 2 3 4 5 |  5.0
Fighting       | 3 4 5 7 |  7.0
Fire Magic     | 3 4 5 |  5.0
Dodging        | 4 |  4.1
Transmutations | 2 3 |  3.5
Invocations    | 2 6 8 10 | 10.2
Earth Magic    | 4 |  4.9
Maces & Flails | 1 2 |  2.7
Stealth        | 7 |  7.1
Ice Magic      | 4 |  4.9

Action                   |  1- 3 |  4- 6 |  7- 9 | 10-12 | 13-15 || total
-------------------------+-------+-------+-------+-------+-------++-------
Melee: Tentacles         |     2 |     1 |     9 |    19 |     1 ||    32
       Unarmed           |     2 |       |       |       |       ||     2
       Constrict         |     1 |     5 |     7 |    20 |     1 ||    34
       Whip              |     1 |    19 |     9 |       |       ||    29
       Punch             |       |     1 |     1 |     2 |     1 ||     5
       Flail             |       |       |    21 |    70 |     4 ||    95
 Cast: Sandblast         |    49 |    16 |    11 |     5 |     1 ||    82
       Stone Arrow       |     3 |    10 |   115 |   227 |     9 ||   364
       Mephitic Cloud    |       |       |    33 |    60 |     2 ||    95
       Ignite Poison     |       |       |    16 |    43 |     1 ||    60
       Passwall          |       |       |       |     5 |       ||     5
       Freezing Cloud    |       |       |       |    23 |     1 ||    24
Invok: Slouch            |       |       |       |       |     1 ||     1
Evoke: Wand              |       |       |       |     4 |       ||     4
  Use: Scroll            |     9 |     4 |     7 |     5 |     2 ||    27
       Potion            |       |     5 |       |     3 |       ||     8
 Stab: Sleeping          |     1 |     1 |       |       |       ||     2
       Confused          |       |       |       |     3 |       ||     3
Armor: Skin              |     2 |     4 |     3 |    12 |     1 ||    22
Dodge: Dodged            |    16 |    21 |    49 |   119 |     7 ||   212

Table legend: (Time is in decaauts)
 A = Elapsed time spent in this place.
 B = Non-inter-level travel time spent in this place.
 C = Inter-level travel time spent in this place.
 D = Time resting spent in this place.
 E = Time spent auto-exploring this place.
 F = Levels seen in this place.
 G = Mean time per level.
                   A        B        C        D        E       F      G
               +--------+--------+--------+--------+--------+-----+--------+
         Total |  28231 |  26807 |   1424 |   9038 |  14449 |  15 | 1882.1 |
       Dungeon |  27200 |  25776 |   1424 |   8378 |  14372 |  14 | 1942.9 |
        Bailey |   1031 |   1031 |      0 |    660 |     76 |   1 | 1031.0 |
               +--------+--------+--------+--------+--------+-----+--------+

Top non-repeatable levels by time:
    D:13: 3740 daAuts
    D:11: 2926 daAuts
     D:8: 2921 daAuts
    D:12: 2760 daAuts
     D:7: 2534 daAuts
     D:9: 2307 daAuts
     D:4: 1729 daAuts
    D:10: 1599 daAuts
     D:5: 1520 daAuts
     D:6: 1510 daAuts
     D:1: 1411 daAuts
     D:3: 1146 daAuts
  Bailey: 1031 daAuts
     D:2: 914 daAuts
    D:14: 176 daAuts
